 Dungeon Crawl Stone Soup version 0.32-a0-18-g89e19f1974 (webtiles) character file.

Game seed: 640079515327460586

22787 Lobster4 the Covert (level 12, 0/60 HPs)
             Began as a Spriggan Brigand on Jan 16, 2024.
             Was a High Priest of Dithmenos.
             Killed by divine providence
             ... invoked by an orc priest
              (15 damage)
             ... while paralysed by an orc sorcerer
             ... on level 2 of the Orcish Mines on Jan 17, 2024.
             The game lasted 01:00:02 (14326 turns).

Lobster4 the Covert (Spriggan Brigand)             Turns: 14326, Time: 01:00:03

Health: 0/60       AC:  6    Str:  7    XL:     12   Next: 66%
Magic:  2/9        EV:  4    Int: 17    God:    Dithmenos [*****.]
Gold:   770        SH:  0    Dex: 29    Spells: 11/21 levels left

rFire   + . .        a - +8 rapier of Gin and Tonic {antimagic, rC+ Int+3 SInv}
rCold   + + .        (no shield)
rNeg    + . .        m - +2 robe {rN+}
rPois   .            (helmet restricted)
rElec   .            c - +1 cloak
rCorr   .            (gloves unavailable)
SInv    +            (boots unavailable)
Will    ++...        W - amulet of regeneration
Stlth   ++++++++++   u - ring of protection from cold
HPRegen 1.10/turn    I - ring of Byvej {rF+ MP+9 Int+2 Dex+7 SInv}
MPRegen 0.11/turn

%: no passive effects
@: paralysed, wreathed by umbra, very quick
A: very small, no large weapons, unfitting armour, see invisible, speed 3
a: Renounce Religion, Shadow Step, Shadow Form


You were on level 2 of the Orcish Mines.
You worshipped Dithmenos.
Dithmenos was extremely pleased with you.
You visited 4 branches of the dungeon, and saw 17 of its levels.

You collected 957 gold pieces.
You spent 187 gold pieces at shops.

Inventory:

Hand Weapons
 a - the +8 rapier of Gin and Tonic (weapon) {antimagic, rC+ Int+3 SInv}
   (You found it on level 5 of the Dungeon)

   Int+3:     It affects your intelligence (+3).
   rC+:       It protects you from cold.
   SInv:      It lets you see invisible.
 b - a +4 dagger of holy wrath
 f - a +2 dagger of venom
 A - a +2 dagger
 D - the +2 orcbow "Xiloyrat" {freeze, Will+}
   (You bought it in a shop on level 6 of the Dungeon)

   Will+:     It increases your willpower.
 K - the +7 staff of the Meek {protect, meekguard}
   (You found it on level 8 of the Dungeon)
 P - a +4 dagger
Missiles
 e - 6 curare-tipped darts
 s - 16 boomerangs (quivered)
 U - 2 atropa-tipped darts
Armour
 c - a +1 cloak (worn)
 m - a +2 robe of positive energy (worn)
Magical Staves
 y - the staff "Teiwait" {rN+ Will++ Dex+3 Stlth+ Necro Alchemy}
   (You found it on level 5 of the Dungeon)

   [staff of death]

   Base accuracy: +5 Base damage: 5 Base attack delay: 1.2 This weapon's minimum
   attack delay (0.6) is reached at skill level 12.
   Dex+3:     It affects your dexterity (+3).
   rN+:       It protects you from negative energy.
   Will++:    It greatly increases your willpower.
   Stlth+:    It makes you more stealthy.
   Necro:     It increases the power of your Necromancy spells.
   Alchemy:   It increases the power of your Alchemy spells.
   It falls into the 'Staves' category.
   It is a two-handed weapon.
Jewellery
 o - a ring of ice
 u - a ring of protection from cold (left hand)
 G - a ring of fire
 I - the ring of Byvej (right hand) {rF+ MP+9 Int+2 Dex+7 SInv}
   (You acquired it on level 7 of the Dungeon)

   [ring of protection from fire]

   Int+2:     It affects your intelligence (+2).
   Dex+7:     It affects your dexterity (+7).
   rF+:       It protects you from fire.
   MP+9:      It affects your magic capacity (+9).
   SInv:      It lets you see invisible.
 O - a ring of fire
 W - an amulet of regeneration (around neck)
Talismans
 r - a flux talisman
Wands
 i - a wand of flame (28)
 E - a wand of paralysis (4)
 L - a wand of roots (3)
 V - a wand of quicksilver (2)
Scrolls
 g - a scroll of noise {unknown}
 k - 3 scrolls of teleportation
 l - a scroll of enchant weapon
 q - 2 scrolls of immolation
 B - 2 scrolls of poison
 C - 2 scrolls of amnesia
 F - a scroll of acquirement
 N - a scroll of enchant armour
 R - a scroll of summoning {unknown}
 T - a scroll of revelation
 X - a scroll of fog {unknown}
 Y - a scroll of silence
 Z - a scroll of vulnerability {unknown}
Potions
 h - 2 potions of lignification {unknown}
 j - a potion of ambrosia
 n - 4 potions of berserk rage
 p - a potion of mutation
 t - 3 potions of magic {unknown}
 v - a potion of cancellation
 w - 3 potions of resistance
 x - 2 potions of curing
 z - a potion of attraction
 H - 3 potions of heal wounds
 J - a potion of brilliance
 M - a potion of enlightenment
 S - a potion of degeneration {unknown}


   Skills:
 - Level 5.0 Fighting
 + Level 9.5 Short Blades
 + Level 6.6 Ranged Weapons
 + Level 8.5 Throwing
 - Level 1.0 Armour
 - Level 10.0 Dodging
 + Level 13.7 Stealth
 - Level 3.4 Shields
 - Level 5.0 Spellcasting
 - Level 1.0 Conjurations
 - Level 10.0 Translocations
 - Level 5.0 Invocations
 - Level 3.0 Evocations


You had 11 spell levels left.
You knew the following spells:

 Your Spells              Type           Power      Damage    Failure   Level
a - Manifold Assault      Tloc           38%        N/A       2%          4
b - Momentum Strike       Conj/Tloc      44%        3d9       2%          2
c - Lesser Beckoning      Tloc           76%        N/A       1%          2
x - Blink                 Tloc           76%        N/A       1%          2

Your spell library contained the following spells:

 Spells                   Type           Power      Damage    Failure   Level
 Foxfire                  Conj/Fire      20%        2x1d5     12%         1
 Fugue of the Fallen      Necr           4%         N/A       38%         3
 Ozocubu's Armour         Ice            4%         N/A       38%         3
 Plasma Beam              Fire/Air       2%         2x1d12    100%        6
 Starburst                Conj/Fire      2%         6d3       100%        6


Dungeon Overview and Level Annotations

Branches:
Dungeon (13/15)            Temple (1/1) D:4            Lair (1/5) D:8
    Orc (2/2) D:9             Elf (0/3) Orc:2
 Vaults: D:13-14

Altars:
Ashenzari
Cheibriados
Dithmenos
Elyvilon
Fedhas
Gozag
Hepliaklqana
Kikubaaqudgha
Makhleb
Nemelex Xobeh
Okawaru
Qazlal
Ru
Sif Muna
Trog
Uskayaw
Vehumet
Wu Jian
Xom
Yredelemnul
Zin
The Shining One

Shops:
D:6 (   D:7 (   D:13 !

Annotations:
D:9 1 transporter, exclusion: simulacrum
D:12 exclusion: ugly thing
Orc:2 exclusion: upstairs


Innate Abilities, Weirdness & Mutations

You are very small and have problems with some larger weapons.
You are too small for most types of armour.
You have supernaturally acute eyesight. (SInv)
You cover ground extremely quickly. (Speed+++)


Message History

Aim: an orc sorcerer, wielding a +2 dagger of speed and wearing a +2 robe (lightly wounded, strong, poisoned, umbra, 100% to hit)
The orc sorcerer hurls suddenly forward!
The orc sorcerer is engulfed in poison gas.
The orc sorcerer looks even sicker.
The orc sorcerer completely misses you. The ice devil barely misses you.
The orc sorcerer is engulfed in poison gas.
The orc sorcerer looks even sicker.
The orc sorcerer completely misses you.
You hit the orc sorcerer.
The orc sorcerer's magic leaks into the air.
The orc sorcerer is moderately wounded.
The orc sorcerer's magic is no longer disrupted.
The orc sorcerer is engulfed in poison gas.
The orc sorcerer looks as sick as possible!
The orc sorcerer hits you but does no damage.
The ice devil completely misses you.
You completely miss the orc sorcerer.
The orc sorcerer is heavily wounded.
The orc sorcerer is engulfed in poison gas.
The orc sorcerer looks as sick as possible!
The orc sorcerer casts a spell at you.
You suddenly lose the ability to move!
The ice devil hits you. The ice devil freezes you. You resist.
The orc sorcerer is engulfed in poison gas.
The orc sorcerer looks as sick as possible!
The orc sorcerer points at you and mumbles some strange words.
You resist with almost no effort. The ice devil hits you!
The ice devil freezes you. You resist.
The orc sorcerer is engulfed in poison gas.
The orc sorcerer looks as sick as possible!
You kill the orc sorcerer!
Dithmenos accepts your kill.
The ice devil disappears in a puff of smoke!
An ogre comes into view. It is wielding a +0 giant spiked club.
The orc barely misses you. x2
An orc comes into view. It is wielding a +0 short sword.
The orc warrior hits you with a +0 short sword!
* * * LOW HITPOINT WARNING * * *
The orc priest invokes the aid of Beogh against you.
Beogh smites you!
You die...

#................#$.
#○°.○°....○..o....o.
#°>○.○...°°.#.......
##.°.○..○○...$..o.... ..
##°.°°°....○°.........
###.o
####....°○..°°.○.........
.....
...○○○.°°°..°.○°.........
.....
.○....°o)°°○°[°(.........
.o...
.○°..°.o@°○....○.........
.....
.°..°..°o.°.○○○..........
...o.
......○.......°°......$..
..(..
........○o.°○○°°.........
.....
.......°..○○○.°......
#....
.°.°o.○○○.○.°°....... ...
.°.°..o○..○..°°....$. ..
○°...○o°○.○.○°...... .
................


You could see 2 orc warriors, an orc priest and 4 orcs.

Vanquished Creatures
  Erolcha (D:13)
  2 boulder beetles
  2 centaur warriors (D:13)
  4 two-headed ogres
  An orc knight (Orc:2)
  A deep elf pyromancer (D:12)
  An ugly thing (D:13)
  3 orc sorcerers
  2 cyclopes (D:12)
  2 gargoyles
  3 unseen horrors
  A komodo dragon (D:11)
  A rime drake (D:8)
  7 trolls
  A polar bear (D:8)
  Sigmund (D:2)
  2 shadows
  5 slime creatures (D:12)
  A vampire (D:9)
  2 wraiths
  5 yaks (D:8)
  Menkaure (D:7)
  2 water moccasins
  4 acid dragons
  9 ice beasts
  18 orc warriors
  2 black bears
  2 sky beasts
  2 wolves (D:7)
  9 centaurs
  4 ogres
  3 phantoms
  3 kobold brigands
  6 bullfrogs
  6 scorpions
  4 wights (D:7)
  13 killer bees
  A bombardier beetle (D:3)
  3 jellies (D:6)
  A gnoll bouda (D:6)
  11 orc priests
  3 hounds
  2 sleepcaps
  Jessica (D:2)
  Terence (D:2)
  A centaur skeleton (D:3)
  4 iguanas
  22 orc wizards
  A hound zombie (D:3)
  3 adders
  4 gnolls (D:7)
  6 white imps
  2 adder skeletons (D:3)
  An adder zombie (D:3)
  A ribbon worm (D:4)
  2 dart slugs
  44 orcs
  4 ball pythons
  3 bats (D:1)
  6 endoplasms
  4 giant cockroaches
  A goblin (D:1)
  5 hobgoblins
  8 jackals
  2 quokkas
  3 training dummies (D:7)
  A ball python zombie (D:3)
  A frilled lizard (D:2)
  18 kobolds
  8 rats
314 creatures vanquished.

Notes
Turn   | Place    | Note
-------+----------+-------------------------------------------
     0 | D:1      | Lobster4 the Spriggan Brigand began the quest for the Orb.
     0 | D:1      | Reached XP level 1. HP: 10/10 MP: 2/2
   205 | D:1      | Reached skill level 6 in Stealth
   211 | D:1      | Reached XP level 2. HP: 15/15 MP: 3/3
   847 | D:2      | Noticed Jessica
   852 | D:2      | Killed Jessica
   853 | D:2      | Reached XP level 3. HP: 18/18 MP: 4/4
   963 | D:2      | Noticed Sigmund
   966 | D:2      | Killed Sigmund
   967 | D:2      | Reached skill level 7 in Stealth
   967 | D:2      | Reached XP level 4. HP: 23/23 MP: 5/5
   967 | D:2      | Reached XP level 5. HP: 27/27 MP: 6/6
  1153 | D:2      | Noticed Terence
  1157 | D:2      | Killed Terence
  1235 | D:2      | Learned a level 4 spell: Manifold Assault
  1684 | D:3      | Found a faded altar of an unknown god.
  2065 | D:3      | Reached XP level 6. HP: 26/32 MP: 7/7
  2199 | D:3      | Reached skill level 1 in Translocations
  2884 | D:4      | Found a staircase to the Ecumenical Temple.
  2901 | D:4      | Reached skill level 1 in Spellcasting
  2918 | Temple   | Entered the Ecumenical Temple
  3403 | D:5      | Entered Level 5 of the Dungeon
  3463 | D:5      | Found a shadowy altar of Dithmenos.
  3471 | D:5      | Became a worshipper of Dithmenos the Shadowed
  3511 | D:5      | Reached XP level 7. HP: 33/36 MP: 10/10
  3672 | D:5      | Identified the +8 rapier of Gin and Tonic {antimagic, rC+
                  | Int+3 SInv}
  3700 | D:5      | Reached skill level 1 in Invocations
  3744 | D:5      | Reached skill level 8 in Stealth
  4090 | D:5      | Reached XP level 8. HP: 39/40 MP: 6/13
  4137 | D:5      | Identified the staff "Teiwait" {rN+ Will++ Dex+3 Stlth+
                  | Necro Alchemy}
  4401 | D:6      | Reached skill level 5 in Dodging
  4619 | D:6      | Reached * piety under Dithmenos
  4635 | D:6      | Found Nuogot's Antique Weapon Shop.
  4766 | D:6      | Reached skill level 5 in Short Blades
  4835 | D:6      | Reached skill level 1 in Evocations
  5105 | D:6      | Reached skill level 9 in Stealth
  5105 | D:6      | Reached XP level 9. HP: 45/45 MP: 8/15
  5280 | D:6      | Reached skill level 5 in Translocations
  5491 | D:6      | Bought a crystal orcbow for 187 gold pieces
  5491 | D:6      | Identified the +2 orcbow "Xiloyrat" {freeze, Will+} (You
                  | bought it in a shop on level 6 of the Dungeon)
  5792 | D:7      | Reached skill level 5 in Throwing
  6013 | D:7      | Identified a scroll of acquirement
  6013 | D:7      | Acquired the ring of Byvej {rF+ MP+9 Int+2 Dex+7 SInv}
  6096 | D:7      | Learned a level 2 spell: Blink
  6099 | D:7      | Learned a level 2 spell: Lesser Beckoning
  6102 | D:7      | Learned a level 2 spell: Momentum Strike
  6306 | D:7      | Reached skill level 1 in Ranged Weapons
  6414 | D:7      | Found a sparkling altar of Nemelex Xobeh.
  6601 | D:7      | Noticed Menkaure
  6606 | D:7      | Killed Menkaure
  6613 | D:7      | Found Ykhattun's Firing Range.
  6814 | D:8      | Reached ** piety under Dithmenos
  6957 | D:8      | Found the +7 staff of the Meek {protect, meekguard}
  6974 | D:8      | Reached skill level 5 in Spellcasting
  7221 | D:8      | Noticed a polar bear
  7243 | D:7      | Reached skill level 1 in Armour
  7370 | D:8      | Reached XP level 10. HP: 36/51 MP: 9/18
  7582 | D:8      | Reached skill level 10 in Stealth
  7739 | D:8      | Reached *** piety under Dithmenos
  7740 | D:8      | Reached skill level 5 in Fighting
  7794 | D:8      | Found a staircase to the Lair.
  8084 | D:9      | Noticed a two-headed ogre
  8089 | D:9      | Killed a two-headed ogre
  8261 | D:9      | Found a transporter.
  8312 | D:9      | Found a transporter.
  8665 | D:9      | Found a hazy altar of Hepliaklqana.
  8667 | D:9      | Found a faded altar of an unknown god.
  8833 | D:9      | Found a staircase to the Orcish Mines.
  9438 | D:9      | Reached skill level 11 in Stealth
  9471 | D:9      | Reached skill level 5 in Invocations
  9673 | D:10     | Entered Level 10 of the Dungeon
  9734 | D:10     | Found a bloodstained altar of Trog.
  9743 | D:10     | Reached skill level 1 in Shields
  9743 | D:10     | Reached XP level 11. HP: 55/55 MP: 9/19
  9767 | D:10     | Noticed a two-headed ogre
  9769 | D:10     | Killed a two-headed ogre
 10390 | D:10     | Reached **** piety under Dithmenos
 10461 | D:11     | Noticed a two-headed ogre
 10611 | D:11     | Killed a two-headed ogre
 10921 | D:11     | Found a glowing silver altar of Zin.
 11215 | D:12     | Noticed a boulder beetle
 11229 | D:12     | Killed a boulder beetle
 11267 | D:11     | Reached skill level 12 in Stealth
 11281 | D:12     | Reached skill level 5 in Ranged Weapons
 11297 | D:12     | Noticed a green ugly thing
 11846 | D:12     | Noticed a deep elf pyromancer
 11864 | D:12     | Killed a deep elf pyromancer
 12174 | D:12     | Reached skill level 1 in Conjurations
 12867 | D:13     | Noticed a centaur warrior
 12871 | D:13     | Reached XP level 12. HP: 53/60 MP: 9/20
 12984 | D:13     | Killed a centaur warrior
 13099 | D:13     | Noticed a centaur warrior
 13106 | D:13     | Killed a centaur warrior
 13122 | D:13     | Noticed Erolcha
 13164 | D:13     | Killed Erolcha
 13177 | D:13     | Noticed a boulder beetle
 13189 | D:13     | Killed a boulder beetle
 13270 | D:13     | Reached skill level 10 in Dodging
 13338 | D:13     | Found Ytwep's Distillery.
 13362 | D:13     | Reached skill level 10 in Translocations
 13467 | Lair:1   | Entered Level 1 of the Lair of Beasts
 13525 | Orc:1    | Entered Level 1 of the Orcish Mines
 13561 | Orc:1    | Noticed a two-headed ogre
 13568 | Orc:1    | Killed a two-headed ogre
 13569 | Orc:1    | Reached skill level 13 in Stealth
 13664 | Orc:1    | Reached ***** piety under Dithmenos
 13815 | Orc:2    | Entered Level 2 of the Orcish Mines
 13815 | Orc:2    | Found a staircase to the Elven Halls.
 14228 | Orc:2    | Noticed an orc high priest
 14321 | Orc:2    | Paralysed by an orc sorcerer for 5 turns
 14326 | Orc:2    | Killed from afar by an orc priest

Illustrated notes

Levels and vault maps discovered:
D:1:      wheals_arrival_linesprint, layout_loops_ring
D:2:      layout_loops_corners, serial_aquarium, aquarium_bridge_square
          [aquarium_subvault_window, aquarium_subvault_window,
          aquarium_subvault_bridge, aquarium_subvault_bridge],
          aquarium_window_1, aquarium_window_fake, aquarium_window_fake,
          aquarium_view_2c, aquarium_balcony_3b, aquarium_pool_1,
          kennysheep_generic_room_8, uniq_jessica, uniq_sigmund, uniq_terence
D:3:      layout_loops_corners, serial_undead, serial_undead_f, serial_undead_c,
          serial_undead_c, serial_undead_b,
          hellmonk_ecumenical_altar_pennies_from_heaven
D:4:      layout_basic, minmay_temple_entry_arrows, palyth_stone_intersect
D:5:      layout_basic, nicolae_dithmenos_the_darkroom
D:6:      layout_cave_pools, serial_shops, nicolae_lakefront_shop, minmay_bent
D:7:      nicolae_BIG_FREAKIN_CUBE, layout_gridville,
          nemelex_xobeh_ov_fountains_minmay, nicolae_shop_firing_range,
          uniq_menkaure
D:8:      layout_basic, hellmonk_lair_entry_icy, pf_guarded_unrand_meek
D:9:      layout_gridville, beargit_hepliaklqana_dungeon_heroes, david_orc_2,
          serial_ice, serial_ice_c, serial_ice_n, serial_ice_o, serial_ice_i,
          nicolae_diode_stairs
D:10:     layout_roguey, trog_three_pillars_becter
D:11:     layout_cross, nicolae_twisting_strands, zin_statuary
D:12:     layout_layer_cave
D:13:     layout_loops_ring, grunt_vaults_entry_tiered, serial_shops, shop,
          hellmonk_sif_muna_bookshelves, uniq_erolcha
Temple:   compressed_dpeg_circular_temple
Lair:1:   layout_cave_pods, guppyfry_lair_drakes
Orc:1:    layout_caves, mines1_david
Orc:2:    st_orc_mages, layout_caves, nicolae_orc_pool_cavern

Skill      XL: |  1  2  3  4  5  6  7  8  9 10 11 12 |
---------------+-------------------------------------+-----
Stealth        | 6 7 8 9 11 12 13 | 13.7
Dodging        | 2 3 4 5 6 8 9 10 | 10.0
Fighting       | 2 3 4 5 |  5.0
Short Blades   | 3 4 5 6 7 8 9 |  9.5
Throwing       | 3 4 5 6 7 8 |  8.5
Translocations | 2 3 4 6 7 9 10 | 10.0
Spellcasting   | 1 2 3 5 |  5.0
Invocations    | 1 2 3 5 |  5.0
Evocations     | 2 3 |  3.0
Ranged Weapons | 2 3 5 6 |  6.6
Armour         | 1 |  1.0
Shields        | 1 2 3 |  3.4
Conjurations   | 1 |  1.0

Action                     |  1- 3 |  4- 6 |  7- 9 | 10-12 || total
---------------------------+-------+-------+-------+-------++-------
  Melee: Dagger            |    40 |   103 |    26 |       ||   169
         Punch             |     1 |       |     1 |     7 ||     9
         Rapier            |       |       |   207 |   457 ||   664
  Throw: Dart              |       |    16 |    81 |   143 ||   240
         Boomerang         |       |    30 |    49 |    44 ||   123
         Stone             |       |     1 |     1 |       ||     2
         Throwing net      |       |       |     1 |     5 ||     6
   Cast: Lesser Beckoning  |       |       |     4 |    10 ||    14
  Evoke: Wand              |       |       |     3 |    26 ||    29
    Use: Scroll            |       |    10 |     7 |     4 ||    21
         Potion            |       |       |       |     2 ||     2
   Stab: Sleeping          |     8 |    15 |    17 |    25 ||    65
         Distracted        |     1 |       |     1 |     1 ||     3
         Paralysed         |       |       |     2 |     2 ||     4
         Held in net/web   |       |       |     1 |       ||     1
 Armour: Robe              |     6 |    25 |    64 |   108 ||   203
  Dodge: Dodged            |    26 |    54 |   198 |   425 ||   703

Table legend: (Time is in decaauts)
 A = Elapsed time spent in this place.
 B = Non-inter-level travel time spent in this place.
 C = Inter-level travel time spent in this place.
 D = Time resting spent in this place.
 E = Time spent auto-exploring this place.
 F = Levels seen in this place.
 G = Mean time per level.
                   A        B        C        D        E       F      G
               +--------+--------+--------+--------+--------+-----+--------+
         Total |   9960 |   9460 |    500 |   1212 |   5368 |  17 |  585.9 |
       Dungeon |   9381 |   8892 |    489 |   1168 |   5269 |  13 |  721.6 |
        Temple |      1 |      1 |      0 |      0 |      0 |   1 |    1.0 |
          Lair |      7 |      7 |      0 |      0 |      2 |   1 |    7.0 |
  Orcish Mines |    569 |    559 |     10 |     44 |     96 |   2 |  284.5 |
               +--------+--------+--------+--------+--------+-----+--------+

Top non-repeatable levels by time:
     D:8: 1218 daAuts
    D:12: 1207 daAuts
     D:9: 877 daAuts
     D:6: 877 daAuts
     D:7: 868 daAuts
     D:5: 748 daAuts
     D:3: 693 daAuts
    D:10: 593 daAuts
     D:2: 520 daAuts
     D:1: 513 daAuts
     D:4: 471 daAuts
    D:11: 467 daAuts
   Orc:1: 379 daAuts
    D:13: 325 daAuts
   Orc:2: 190 daAuts
